 Dungeon Crawl Stone Soup version 0.20.1-1-g8b1a95d (webtiles) character file.

9956 McKennaii the Pandemonic (level 11, -2/84 HPs)
             Began as a Demonspawn Fighter on Oct 20, 2017.
             Was a High Priest of Makhleb.
             Slain by an orc knight
             ... wielding a +0 halberd
              (7 damage)
             ... on level 1 of the Orcish Mines.
             The game lasted 00:17:13 (11716 turns).

McKennaii the Pandemonic (Demonspawn Fighter)      Turns: 11716, Time: 00:17:14

Health: -2/84      AC: 11    Str: 20    XL:     11   Next: 29%
Magic:  18/18      EV: 10    Int: 10    God:    Makhleb [*****.]
Gold:   571        SH: 11    Dex: 14    Spells: 10/10 levels left

rFire    + . .     SeeInvis .   S - +0 broad axe
rCold    . . .     Gourm    .   c - +1 shield
rNeg     . . .     Faith    .   b - +0 scale mail
rPois    .         Spirit   .   (helmet unavailable)
rElec    .         Reflect  .   E - +0 cloak {MR+}
rCorr    .         Harm     .   (no gloves)
MR       +....                  (no boots)
Stlth    ..........             (no amulet)
Regen    0.3/turn               t - +2 ring of dexterity
MPRegen  0.2/turn               h - ring of loudness (curse)

@: no status effects
A: horns 3, icy blue scales 1, demonic guardian 1, fire resistance 1, mutation
resistance 1, wild magic 1, flame cloud immunity
a: Minor Destruction, Lesser Servant of Makhleb, Major Destruction, Greater
Servant of Makhleb, Renounce Religion


You were on level 1 of the Orcish Mines.
You worshipped Makhleb.
Makhleb was extremely pleased with you.
You were not hungry.

You visited 2 branches of the dungeon, and saw 11 of its levels.
You also visited: Ossuary.

You collected 571 gold pieces.

Inventory:

Hand Weapons
 S - a +0 broad axe (weapon)
Armour
 b - a +0 scale mail (worn)
 c - a +1 shield (worn)
 E - a +0 cloak of magic resistance (worn)
Jewellery
 h - a cursed ring of loudness (right hand)
 j - an uncursed ring of resist corrosion
 t - a +2 ring of dexterity (left hand)
 B - an uncursed ring of see invisible
 I - an uncursed ring of stealth
 P - a +2 ring of intelligence {unknown}
Wands
 m - a wand of random effects (10/48)
 o - a wand of disintegration (17/24)
 v - a wand of disintegration (8/24)
 w - a wand of polymorph (10/24)
 A - a wand of flame (31/48)
 J - a wand of confusion (38/48)
 L - a wand of confusion (21/48)
 O - a wand of clouds (5/9)
Scrolls
 e - a scroll of magic mapping
 g - a scroll of teleportation
 n - 4 scrolls of identify
 s - a scroll of enchant weapon
 x - a scroll of enchant armour
 y - 3 scrolls of recharging
 D - 2 scrolls of fog
 H - a scroll of amnesia
 M - 2 scrolls of remove curse
 Q - a scroll of fear
Potions
 d - a potion of curing
 l - a potion of haste
 p - 3 potions of cancellation
 q - 4 potions of mutation
 u - a potion of brilliance
 G - 2 potions of resistance
 K - 3 potions of magic
 N - a potion of might
Books
 r - a book of Changes

   Spells                             Type                      Level
   a - Beastly Appendage              Transmutation                1
   b - Sticks to Snakes               Transmutation                2
   c - Spider Form                    Transmutation/Poison         3
   d - Ice Form                       Ice/Transmutation            4
   e - Blade Hands                    Transmutation                5
Comestibles
 a - 2 chunks of flesh
 f - 10 bread rations
 i - 5 meat rations
 k - 3 fruits
 C - 6 royal jellies


   Skills:
 + Level 7.6 Fighting
 + Level 9.7 Axes
 + Level 6.7 Armour
 + Level 4.2 Dodging
 + Level 2.2 Stealth
 + Level 5.9 Shields
 * Level 9.7 Invocations


You had 10 spell levels left.
You didn't know any spells.

Dungeon Overview and Level Annotations

Branches:
Dungeon (10/15)            Temple (0/1) D:5            Lair (0/6) D:9
    Orc (1/2) D:10

Altars:
Cheibriados
Gozag
Hepliaklqana
Makhleb
Nemelex Xobeh
Okawaru
Ru
Yredelemnul

Shops:
D:8 =


Innate Abilities, Weirdness & Mutations

You have a pair of large horns on your head.
You are partially covered in icy blue scales. (AC +2)
A weak demonic guardian rushes to your aid.
Your flesh is heat resistant. (rF+)
You are immune to clouds of flame.
You are somewhat resistant to further mutation.
Your spells are a little harder to cast, but a little more powerful.


Message History

The orc knight is heavily wounded.
The orc knight hits you with a halberd!
* * * LOW HITPOINT WARNING * * *
You completely miss the orc knight.
You headbutt the orc knight, but do no damage.
The orc knight is heavily wounded.
You block the orc knight's attack.
You closely miss the orc knight. Your headbutt misses the orc knight.
The orc knight is heavily wounded.
You block the orc knight's attack.
You slash the orc knight!
The orc knight is severely wounded.
The orc knight barely misses you.
You barely miss the orc knight.
The orc knight is severely wounded.
You block the orc knight's attack.
You hit the orc knight.
The orc knight is severely wounded.
The orc knight hits you with a halberd!
You die...

#.#. .... #....
..... ##
......##.##
#...#o..#
##.#.#.@[##
#...>.5[..#
##............o
#...........#o
##.......#....
##...........
##........##
.......###
.........


You could see an orc knight and a friendly shadow imp.

Vanquished Creatures
  An unseen horror (D:10)
  The ghost of OdinFK the Carver, a novice MiBe of Trog (D:6)
  An elephant (D:9)
  2 gargoyles (D:10)
  2 trolls (D:9)
  Prince Ribbit (D:7)
  A hippogriff (D:10)
  The ghost of Flubber the Stinger, an amateur OpVM (D:4)
  3 hogs (D:9)
  A yak (D:9)
  A human (D:9)
  Edmund (D:4)
  A water moccasin (D:8)
  4 ice beasts
  2 sky beasts (D:5)
  8 orc warriors
  2 black bears
  2 phantoms
  An ogre (D:8)
  A necrophage (D:8)
  3 centaurs
  2 crocodiles (D:9)
  2 big kobolds
  3 elf zombies (Ossuary)
  5 bullfrogs
  Dowan (D:7)
  2 scorpions
  2 electric eels (D:10)
  A howler monkey (D:4)
  A bullfrog zombie (D:10)
  2 crimson imps
  2 human zombies (Ossuary)
  A gnoll shaman (D:7)
  A bullfrog skeleton (D:4)
  7 orc priests
  Crazy Yiuf (D:7)
  3 centaur skeletons
  2 hounds
  6 orc wizards
  Jessica (D:2)
  2 iguanas
  Terence (D:2)
  3 worker ants
  A big kobold zombie (Ossuary)
  3 hound zombies (Ossuary)
  3 mummies (Ossuary)
  2 worker ant zombies
  7 gnolls
  13 adders
  3 shadow imps
  2 oozes
  An adder zombie (D:8)
  4 adder skeletons
  2 worms
  A dart slug (D:2)
  5 leopard geckos
  41 orcs
  A giant cockroach (D:1)
  5 goblins
  7 hobgoblins
  12 jackals
  4 quokkas
  3 bats
  3 frilled lizards
  4 goblin zombies (Ossuary)
  3 hobgoblin zombies (Ossuary)
  2 jackal zombies (Ossuary)
  25 kobolds
  6 kobold zombies (Ossuary)
  A leopard gecko skeleton (D:4)
  A leopard gecko zombie (D:5)
  An orc zombie (Ossuary)
  5 quokka zombies (Ossuary)
  3 rats
  3 rat zombies (Ossuary)
  A spectral orc (D:4)
269 creatures vanquished.

Vanquished Creatures (collateral kills)
  A two-headed ogre (D:9)
  3 hippogriffs
  A hog (D:9)
  A wyvern (D:9)
  Menkaure (D:7)
  Duvessa (D:7)
  A phantom (D:6)
  A black bear (D:7)
  An ogre (D:7)
  A crocodile (D:9)
  A hound (D:8)
  3 orc wizards
  A shadow imp (D:9)
  2 orcs
  A goblin zombie (Ossuary)
  4 kobolds (D:5)
24 creatures vanquished.

Grand Total: 293 creatures vanquished

Notes
Turn   | Place    | Note
-------+----------+-------------------------------------------
     0 | D:1      | McKennaii the Demonspawn Fighter began the quest for the Orb.
     0 | D:1      | Reached XP level 1. HP: 18/18 MP: 1/1
   385 | D:1      | Gained mutation: You have a pair of small horns on your head. [demonic ancestry]
   385 | D:1      | Reached XP level 2. HP: 24/24 MP: 2/2
   603 | D:2      | Gained mutation: You have a pair of horns on your head. [demonic ancestry]
   603 | D:2      | Reached XP level 3. HP: 24/29 MP: 3/3
   759 | D:2      | Noticed Jessica
   771 | D:2      | Killed Jessica
   771 | D:2      | Reached XP level 4. HP: 15/35 MP: 4/4
  1024 | D:2      | Found a hazy altar of Hepliaklqana.
  1177 | D:2      | Noticed Terence
  1184 | D:2      | Killed Terence
  1497 | D:3      | Reached skill level 1 in Dodging
  1505 | D:3      | Gained mutation: You have a pair of large horns on your head. [demonic ancestry]
  1505 | D:3      | Reached XP level 5. HP: 21/41 MP: 5/5
  1755 | D:3      | Found a burning altar of Makhleb.
  1847 | D:3      | Became a worshipper of Makhleb the Destroyer
  2226 | D:3      | Found a sparkling altar of Nemelex Xobeh.
  2532 | D:4      | Noticed Edmund
  2567 | D:4      | Killed Edmund
  2567 | D:4      | Reached skill level 1 in Invocations
  2567 | D:4      | Gained mutation: Your flesh is heat resistant. (rF+) [demonic ancestry]
  2567 | D:4      | Reached XP level 6. HP: 12/48 MP: 5/7
  2862 | D:4      | Noticed Flubber's ghost (amateur OpVM)
  2875 | D:4      | Gained mutation: You are somewhat resistant to further mutation. [potion of mutation]
  2875 | D:4      | Gained mutation: Your spells are a little harder to cast, but a little more powerful. [potion of mutation]
  2883 | D:4      | Killed Flubber's ghost
  2883 | D:4      | Gained mutation: A weak demonic guardian rushes to your aid. [demonic ancestry]
  2883 | D:4      | Reached XP level 7. HP: 13/54 MP: 8/8
  3341 | D:4      | Found a basalt altar of Yredelemnul.
  3379 | D:4      | Found a sacrificial altar of Ru.
  3820 | D:5      | Entered Level 5 of the Dungeon
  4020 | D:5      | Reached skill level 1 in Stealth
  4244 | D:5      | Reached * piety under Makhleb
  4439 | D:5      | Found a staircase to the Ecumenical Temple.
  4454 | D:5      | Reached skill level 5 in Axes
  4630 | D:5      | Gained mutation: You are immune to clouds of flame. [demonic ancestry]
  4630 | D:5      | Reached XP level 8. HP: 37/61 MP: 10/10
  4821 | D:5      | Reached skill level 5 in Fighting
  5638 | D:6      | Reached ** piety under Makhleb
  5672 | D:6      | Noticed OdinFK's ghost (novice MiBe)
  5883 | D:6      | Killed OdinFK's ghost
  5883 | D:6      | Reached skill level 5 in Invocations
  6218 | D:6      | Found an iron altar of Okawaru.
  6272 | D:6      | Found a snail-covered altar of Cheibriados.
  6362 | D:7      | Found an iron altar of Okawaru.
  6436 | D:7      | Noticed Menkaure
  6442 | D:7      | Killed Menkaure
  6458 | D:7      | Noticed Dowan
  6460 | D:7      | Noticed Duvessa
  6466 | D:7      | Killed Duvessa
  6467 | D:7      | Killed Dowan
  6467 | D:7      | Gained mutation: You are partially covered in icy blue scales. (AC +2) [demonic ancestry]
  6467 | D:7      | Reached XP level 9. HP: 68/69 MP: 13/13
  6509 | D:7      | Found a sand-covered staircase.
  6537 | Ossuary  | Entered an ossuary
  6616 | Ossuary  | Reached *** piety under Makhleb
  6684 | Ossuary  | Reached skill level 5 in Armour
  6880 | D:7      | Found an opulent altar of Gozag.
  7034 | D:7      | Reached **** piety under Makhleb
  7160 | D:7      | Reached skill level 5 in Shields
  7262 | D:7      | Noticed Prince Ribbit
  7270 | D:7      | Killed Prince Ribbit
  7578 | D:7      | Found a runed door.
  7626 | D:7      | Noticed Crazy Yiuf
  7629 | D:7      | Killed Crazy Yiuf
  7674 | D:8      | Found Yhyfa's Jewellery Boutique.
  7683 | D:8      | Reached XP level 10. HP: 76/76 MP: 15/15
  8244 | D:9      | HP: 3/77 [troll (10)]
  8250 | D:8      | HP: 3/77 [poisoned by an adder]
  8258 | D:7      | HP: 3/77 [poisoned by an adder]
  8821 | D:9      | Noticed a two-headed ogre
  9114 | D:9      | Reached ***** piety under Makhleb
  9284 | D:9      | Killed a two-headed ogre
  9476 | D:9      | Found a staircase to the Lair.
  9478 | D:9      | Noticed an elephant
  9491 | D:9      | Killed an elephant
  9845 | D:10     | Entered Level 10 of the Dungeon
  9863 | D:10     | Noticed an unseen horror
  9871 | D:10     | Killed an unseen horror
  9871 | D:10     | Reached XP level 11. HP: 77/84 MP: 17/17
  9932 | D:10     | Found a sacrificial altar of Ru.
 11020 | D:10     | Found a staircase to the Orcish Mines.
 11212 | Orc:1    | Entered Level 1 of the Orcish Mines
 11218 | Orc:1    | Noticed an orc knight
 11393 | D:10     | HP: 3/84 [orc warrior/battleaxe[an orc knight] (31)]
 11711 | Orc:1    | HP: 4/84 [orc knight/halberd (12)]
 11716 | Orc:1    | Slain by an orc knight

Skill      XL: |  1  2  3  4  5  6  7  8  9 10 |
---------------+-------------------------------+-----
Armour         | 3 4 5 6 |  6.7
Shields        | 3 4 5 |  5.9
Axes           | 2 3 4 5 6 8 9 |  9.7
Dodging        | 1 2 3 4 |  4.2
Invocations    | 1 2 3 5 7 9 |  9.7
Fighting       | 4 5 6 7 |  7.6
Stealth        | 1 2 |  2.2

Action                   |  1- 3 |  4- 6 |  7- 9 | 10-12 || total
-------------------------+-------+-------+-------+-------++-------
Melee: War axe           |    72 |    96 |   459 |   281 ||   908
       Headbutt          |     8 |    18 |    87 |    85 ||   198
       Broad axe         |       |       |       |    60 ||    60
  Use: Potion            |       |     5 |     1 |     5 ||    11
       Scroll            |       |       |     9 |     6 ||    15
 Stab: Distracted        |       |       |     2 |     5 ||     7
  Eat: Chunk             |       |     6 |    16 |    12 ||    34
       Fruit             |       |       |       |     2 ||     2
Armor: Scale mail        |    38 |    35 |   152 |   116 ||   341
       Skin              |       |       |       |     2 ||     2
Dodge: Dodged            |    19 |    27 |   118 |   149 ||   313
Block: Shield            |    25 |    49 |   245 |   217 ||   536
